 Dungeon Crawl Stone Soup version 0.29-a0-319-gad05b8d819 (webtiles) character file.

Game seed: 10359717442615884631

1635 SkimMolk the Basher (level 8, -2/73 HPs)
             Began as a Minotaur Berserker on Apr 2, 2022.
             Was a Priest of Trog.
             Slain by a cyclops (23 damage)
             ... on level 5 of the Dungeon.
             The game lasted 00:57:27 (9516 turns).

SkimMolk the Basher (Minotaur Berserker)            Turns: 9516, Time: 00:57:27

Health: -2/73      AC: 10    Str: 25    XL:     8   Next: 66%
Magic:  7/7        EV: 11    Int:  4    God:    Trog [***...]
Gold:   390        SH:  0    Dex:  9    Spells: 7/7 levels left

rFire   . . .      SeeInvis .   a - +0 mace
rCold   . . .      Faith    .   (no shield)
rNeg    . . .      Spirit   .   f - +0 scale mail
rPois   .          Reflect  .   (helmet restricted)
rElec   .          Harm     .   (no cloak)
rCorr   .          Rampage  .   B - +0 pair of gloves
Will    .....                   A - +0 pair of boots
Stlth   ..........              (no amulet)
HPRegen 0.22/turn               (no ring)
MPRegen 0.10/turn               (no ring)

@: no status effects
A: horns 2, retaliatory headbutt
a: Renounce Religion, Berserk, Trog's Hand


You were on level 5 of the Dungeon.
You worshipped Trog.
Trog was most pleased with you.
You visited 1 branch of the dungeon, and saw 6 of its levels.

You collected 390 gold pieces.

Inventory:

Hand Weapons
 a - a +0 mace (weapon)
 g - a +0 club
 i - a +0 hunting sling
 j - a +0 hand axe
 n - a +0 flail
 x - a +2 vorpal spear
 F - a +0 trident
 G - a +0 war axe
Missiles
 C - a throwing net (quivered)
Armour
 b - a +0 animal skin
 d - a +0 chain mail
 f - a +0 scale mail (worn)
 k - a +0 robe
 y - a +0 ring mail
 A - a +0 pair of boots (worn)
 B - a +0 pair of gloves (worn)
 L - a scarf of resistance
Jewellery
 e - an amulet of reflection
 p - a +4 ring of protection
 s - a ring of fire
 D - a +4 ring of slaying
Wands
 h - a wand of paralysis (12)
 v - a wand of charming (9)
Scrolls
 c - a scroll of amnesia {unknown}
 l - 3 scrolls of immolation {unknown}
 m - 7 scrolls of identify {unknown}
 r - 2 scrolls of teleportation {unknown}
 z - a scroll of fear {unknown}
 E - 2 scrolls of enchant armour {unknown}
 H - a scroll of magic mapping {unknown}
 K - a scroll of brand weapon {unknown}
Potions
 o - 2 potions of degeneration {unknown}
 q - 3 potions of heal wounds {unknown}
 t - a potion of magic {unknown}
 u - 2 potions of invisibility {unknown}
 w - 2 potions of haste {unknown}
 I - a potion of curing {unknown}
 J - a potion of might {unknown}
 M - a potion of mutation {unknown}


   Skills:
 + Level 7.3 Fighting
 + Level 8.8 Maces & Flails
 + Level 7.2 Armour
 + Level 4.3 Dodging
 + Level 1.5 Stealth


You had 7 spell levels left.
You didn't know any spells.
Your spell library was empty.

Dungeon Overview and Level Annotations

Branches:
Dungeon (6/15)             Temple (0/1) D:5

Altars:
Dithmenos
Fedhas
Gozag
Kikubaaqudgha
Nemelex Xobeh
The Shining One

Shops:
D:3 [   D:4 (   D:5 ?=?


Innate Abilities, Weirdness & Mutations

You have a pair of horns on your head.
You reflexively headbutt those who attack you in melee.


Message History

Things that are here:
a +0 club; a +0 leather armour; an orc skeleton
There is a stone staircase leading down here.
You climb downwards.
The orc hits you but does no damage. x2
There is a stone staircase leading up here.
The orc priest hits you but does no damage.
The orc closely misses you.
You climb upwards.
There is a stone staircase leading down here.
You hit the orc. Your headbutt misses the orc.
The orc is moderately wounded.
The orc hits you but does no damage.
You sock the orc!
You kill the orc!
Trog accepts your kill.
Things that are here:
a +0 mace; an orc corpse
There is a stone staircase leading down here.
You climb downwards.
The cyclops throws a large rock.
The large rock hits you!!
There is a stone staircase leading up, spattered with blood here.
You climb upwards.
There is a stone staircase leading down here.
You start resting.
HP restored.
You climb downwards.
The orc priest closely misses you. The orc priest completely misses you.
The cyclops hits you!
There is a stone staircase leading up, spattered with blood here.
The orc priest closely misses you.
You climb upwards.
There is a stone staircase leading down here.
The cyclops hits you!
Things that are here:
a +0 mace; an orc corpse You barely miss the cyclops.
The cyclops hits you!!
* * * LOW HITPOINT WARNING * * *
You hit the cyclops but do no damage. You hit the cyclops.
The cyclops is lightly wounded.
The cyclops hits you!!
You die...

######.....#..#######(....####...
..g.####...#..#....##.....#.<....
....####......#....########.##...
....'.............)..######.#####
....#####'#......................
##### #........)..<..∩......... #
###...................... #
#.....C................ #
#.....@>............... #
#.......[.............. #
#...................... #
#...................... #
#.........>.).......... #
#..........############ #
#..........# # #..........# #
############


You could see a cyclops.

Vanquished Creatures
  Eustachio (D:6)
  Duvessa (D:5)
  A sky beast (D:6)
  Pargi (D:3)
  2 black bears (D:5)
  2 ogres (D:5)
  4 scorpions
  Dowan (D:5)
  3 hounds
  2 orc priests
  A jelly (D:4)
  Jessica (D:3)
  An iguana (D:4)
  2 orc wizards
  Natasha (D:2)
  7 gnolls
  9 adders
  2 white imps
  2 worms
  6 dart slugs
  16 orcs
  4 ball pythons
  4 endoplasms
  A giant cockroach (D:1)
  3 goblins
  8 hobgoblins
  7 jackals
  4 quokkas
  4 bats
  2 frilled lizards (D:1)
  4 kobolds
  4 rats
111 creatures vanquished.

Vanquished Creatures (others)
  A plant (D:3)
1 creature vanquished.

Grand Total: 112 creatures vanquished

Notes
Turn   | Place    | Note
-------+----------+-------------------------------------------
     0 | D:1      | SkimMolk the Minotaur Berserker began the quest for the
                  | Orb.
     0 | D:1      | Reached XP level 1. HP: 19/19 MP: 0/0
   586 | D:1      | Reached skill level 4 in Maces & Flails
   586 | D:1      | Reached XP level 2. HP: 27/27 MP: 1/1
  1523 | D:1      | Reached XP level 3. HP: 16/33 MP: 2/2
  2489 | D:2      | Reached skill level 5 in Maces & Flails
  2489 | D:2      | Reached XP level 4. HP: 25/41 MP: 3/3
  2828 | D:2      | Reached ** piety under Trog
  3063 | D:2      | Noticed Natasha
  3070 | D:2      | Killed Natasha
  3487 | D:3      | You fall into a shaft and drop 3 floors!
  3530 | D:5      | Entered Level 5 of the Dungeon
  3530 | D:5      | Found Amurokir's Jewellery Emporium.
  3542 | D:4      | Reached skill level 5 in Fighting
  3542 | D:4      | Reached XP level 5. HP: 39/48 MP: 4/4
  3945 | D:3      | Noticed Pargi
  3972 | D:3      | Killed Pargi
  3973 | D:3      | Reached skill level 6 in Maces & Flails
  3973 | D:3      | Reached XP level 6. HP: 37/56 MP: 5/5
  4179 | D:3      | Found Cietz's Antique Armour Boutique.
  4292 | D:3      | Found an ancient bone altar of Kikubaaqudgha.
  4302 | D:3      | Noticed Jessica
  4320 | D:3      | Killed Jessica
  4321 | D:3      | Reached skill level 1 in Stealth
  4549 | D:3      | Found a faded altar of an unknown god.
  5776 | D:4      | Found a shadowy altar of Dithmenos.
  5785 | D:4      | Reached XP level 7. HP: 62/62 MP: 6/6
  5917 | D:4      | Found Cidallen's Weapon Shoppe.
  6305 | D:4      | Found a sparkling altar of Nemelex Xobeh.
  6532 | D:4      | Reached skill level 7 in Maces & Flails
  6735 | D:5      | Reached skill level 5 in Armour
  6797 | D:5      | Found Cookh's Magic Scroll Shop.
  7069 | D:5      | Found a blossoming altar of Fedhas.
  7388 | D:5      | Found Waulioth's Magic Scroll Boutique.
  7468 | D:5      | Found a staircase to the Ecumenical Temple.
  7472 | D:5      | Noticed Duvessa
  7473 | D:5      | Noticed Dowan
  7527 | D:4      | Reached XP level 8. HP: 70/71 MP: 7/7
  7536 | D:4      | Reached *** piety under Trog
  7746 | D:5      | Killed Duvessa
  7747 | D:5      | Reached skill level 8 in Maces & Flails
  7756 | D:5      | Killed Dowan
  8024 | D:5      | Found a glowing golden altar of the Shining One.
  8040 | D:5      | Found an opulent altar of Gozag.
  8880 | D:6      | Noticed Eustachio
  8901 | D:6      | Killed Eustachio
  9084 | D:6      | Noticed a cyclops
  9516 | D:5      | Slain by a cyclops

Illustrated notes

Levels and vault maps discovered:
D:1:      dpeg_arrival_round_b, layout_basic
D:2:      layout_loops_cross, minmay_misc_feat_encased, uniq_natasha
D:3:      layout_basic, mainiacjoe_overflow_cross_hatched,
          ebering_ecumenical_altar_ruins, serial_shops,
          nicolae_shop_overgrown_old_shop, minmay_pentangle, uniq_pargi,
          uniq_jessica
D:4:      layout_basic, mainiacjoe_overflow_tiny_flanked,
          mainiacjoe_overflow_alcove_2, serial_shops, kennysheep_mini
D:5:      layout_basic, lemuel_crystal_altar, jmf_multi_god_temple,
          temple_fountains, serial_shops, nicolae_shop_advertising_works
          [nicolae_subvault_shop_adworks], shop, shop_scrolls,
          minmay_misc_feat_columns, uniq_duvessa
D:6:      layout_basic, serial_glass, glass_columns_a, glass_columns_a,
          chequers_serial_rivers_large_a, uniq_eustachio, uniq_menkaure

Skill      XL: |  1  2  3  4  5  6  7  8 |
---------------+-------------------------+-----
Maces & Flails | 4 5 6 7 8 |  8.8
Fighting       | 4 5 6 7 |  7.3
Armour         | 3 4 5 7 |  7.2
Dodging        | 3 4 |  4.3
Stealth        | 1 |  1.5

Action                   |  1- 3 |  4- 6 |  7- 9 || total
-------------------------+-------+-------+-------++-------
Melee: Mace              |    65 |   112 |   139 ||   316
       Headbutt          |    11 |    11 |    25 ||    47
       Punch             |     2 |     2 |       ||     4
Invok: Berserk           |       |     1 |       ||     1
Armor: Animal skin       |    16 |     1 |       ||    17
       Scale mail        |       |    51 |    91 ||   142
Dodge: Dodged            |    39 |    66 |   111 ||   216

Table legend: (Time is in decaauts)
 A = Elapsed time spent in this place.
 B = Non-inter-level travel time spent in this place.
 C = Inter-level travel time spent in this place.
 D = Time resting spent in this place.
 E = Time spent auto-exploring this place.
 F = Levels seen in this place.
 G = Mean time per level.
                   A        B        C        D        E       F      G
               +--------+--------+--------+--------+--------+-----+--------+
         Total |   9575 |   9539 |     36 |   3008 |    345 |   6 | 1595.8 |
       Dungeon |   9575 |   9539 |     36 |   3008 |    345 |   6 | 1595.8 |
               +--------+--------+--------+--------+--------+-----+--------+

Top non-repeatable levels by time:
     D:5: 2380 daAuts
     D:1: 1800 daAuts
     D:4: 1656 daAuts
     D:2: 1644 daAuts
     D:3: 1485 daAuts
     D:6: 609 daAuts
